 Dungeon Crawl Stone Soup version 0.19-a0-1268-g6c5d9f8 (webtiles) character file.

1713 dvd the Covered (level 8, -2/70 HPs)
             Began as a Minotaur Fighter on Aug 29, 2016.
             Was a Priest of Uskayaw.
             Killed by divine providence
             ... invoked by an orc priest
              (9 damage)
             ... on level 6 of the Dungeon.
             The game lasted 00:13:24 (4995 turns).

dvd the Covered (Minotaur Fighter)                  Turns: 4995, Time: 00:13:25

Health: -2/70      AC:  9    Str: 21    XL:     8   Next: 74%
Magic:  7/7        EV: 10    Int:  5    God:    Uskayaw [***...]
Gold:   470        SH: 11    Dex: 12    Spells: 1 memorised, 5 levels left

rFire  . . .     SeeInvis .     z - +1 flail (crush)
rCold  . . .     Gourm    +     b - +0 scale mail
rNeg   . . .     Faith    .     c - +0 shield
rPois  .         Spirit   .     (helmet restricted)
rElec  .         Dismiss  .     h - +0 cloak
rCorr  .         Reflect  .     (no gloves)
MR     .....     Harm     .     (no boots)
Stlth  ..........               C - amulet of the gourmand
                                (no ring)
                                (no ring)

@: no status effects
A: retaliatory headbutt, horns 2
a: Stomp, Line Pass, Renounce Religion


You were on level 6 of the Dungeon.
You worshipped Uskayaw.
Uskayaw was noncommittal.
You were completely stuffed.

You visited 2 branches of the dungeon, and saw 7 of its levels.

You collected 470 gold pieces.

Inventory:

Hand Weapons
 a - a +0 long sword
 u - a +0 great sword
 y - a +2 dagger of holy wrath
 z - a +1 flail of crushing (weapon)
Armour
 b - a +0 scale mail (worn)
 c - a +0 shield (worn)
 h - a +0 cloak (worn)
Magical Staves
 E - an uncursed staff of wizardry
Jewellery
 C - an amulet of the gourmand (around neck)
Wands
 D - a wand of polymorph (14/24)
Scrolls
 e - 3 scrolls of identify {unknown}
 j - a scroll of random uselessness {unknown}
 m - a scroll of enchant armour {unknown}
 n - 2 scrolls of magic mapping {unknown}
 o - a scroll of noise {unknown}
 p - 3 scrolls of teleportation {unknown}
 v - a scroll of blinking {unknown}
 F - 3 scrolls of remove curse {unknown}
 J - a scroll of immolation {unknown}
 K - a scroll of fear {unknown}
Potions
 d - a potion of might
 k - a potion of resistance {unknown}
 l - a potion of brilliance {unknown}
 q - 4 potions of heal wounds {unknown}
 r - 2 potions of curing {unknown}
 s - a potion of degeneration {unknown}
 t - 2 potions of magic {unknown}
 w - a potion of haste {unknown}
 B - a potion of ambrosia {unknown}
 G - a potion of mutation {unknown}
 H - a potion of lignification {unknown}
Books
 A - a book of Alchemy

   Spells                             Type                      Level
   a - Sublimation of Blood           Necromancy                   2
   b - Ignite Poison                  Fire/Transmutation/Poison    3
   c - Petrify                        Transmutation/Earth          4
   d - Alistair's Intoxication        Transmutation/Poison         5
   e - Irradiate                      Conjuration/Transmutation    5
 I - a book of Air

   Spells                             Type                      Level
   a - Shock                          Conjuration/Air              1
   b - Swiftness                      Charms/Air                   2
   c - Repel Missiles                 Charms/Air                   2
   d - Static Discharge               Conjuration/Air              3
   e - Lightning Bolt                 Conjuration/Air              5
Comestibles
 f - 5 bread rations
 g - 5 meat rations
 i - a beef jerky
 x - a royal jelly


   Skills:
 + Level 6.2 Fighting
 + Level 4.8 Long Blades
 + Level 3.1 Maces & Flails
 + Level 7.6 Armour
 + Level 4.7 Dodging
 + Level 1.7 Stealth
 + Level 7.4 Shields


You had 5 spell levels left.
You knew the following spells:

 Your Spells              Type           Power        Failure   Level  Hunger
a - Repel Missiles        Chrm/Air       #.....       100%        2    ###....


Dungeon Overview and Level Annotations

Branches:
Dungeon (6/15)             Temple (1/1) D:5

Altars:
Ashenzari
Cheibriados
Dithmenos
Elyvilon
Fedhas
Gozag
Hepliaklqana
Kikubaaqudgha
Makhleb
Nemelex Xobeh
Okawaru
Qazlal
Ru
Sif Muna
Trog
Uskayaw
Vehumet
Xom
Yredelemnul
Zin
The Shining One

Shops:
D:6 :


Innate Abilities, Weirdness & Mutations

You reflexively headbutt those who attack you in melee.
You have a pair of horns on your head.


Message History

Your shield and scale mail prevent you from hitting the orc warrior.
The orc warrior is lightly wounded.
You block the orc warrior's attack.
The orc warrior hits you with a dire flail.
You closely miss the orc warrior. Your headbutt misses the orc warrior.
The orc warrior is lightly wounded.
The orc priest calls down the wrath of Beogh upon you.
Beogh smites you!
* * * LOW HITPOINT WARNING * * *
The hound pauses to sniff the ground.
You block the orc warrior's attack.
You closely miss the orc warrior. Your headbutt misses the orc warrior.
The orc warrior is lightly wounded.
The orc priest calls down the wrath of Beogh upon you.
Beogh smites you!
* * * LOW HITPOINT WARNING * * *
You block the orc warrior's attack.
The orc priest mumbles some strange prayers to Beogh against you.
Beogh smites you!
You die...

# ... .....
. #.#oo .
#.#o# ##
#.#o# # #
#.#o# # #
#.#.#o# #
##.#.#.#@##
. ######
.......)..#
#.......
.#.#....#.#
...#.##.
####...####.
.....##.
#........
.>......
#†######.
.#.###.. #.#
#.. #%# #..
#.# .....#


You could see an orc warrior, 2 orc priests, an orc wizard and 2 orcs.

Vanquished Creatures
  The ghost of PeterMcNeter the Changer, a novice TrTm (D:4)
  Grinder (D:4)
  A sky beast (D:6)
  An ice beast (D:5)
  2 ogres
  A giant frog (D:6)
  A howler monkey (D:5)
  3 orc wizards
  5 orc priests
  2 jellies (D:5)
  2 giant frog skeletons
  4 worker ants
  A hound zombie (D:5)
  Robin (D:2)
  15 adders
  2 shadow imps (D:5)
  3 oozes
  An adder skeleton (D:4)
  2 worms (D:3)
  2 dart slugs (D:1)
  2 giant geckos (D:3)
  11 orcs
  A ball python (D:4)
  8 bats
  3 giant cockroaches
  19 goblins
  9 hobgoblins
  8 jackals
  10 kobolds
  5 quokkas
  4 giant newts
  A jackal skeleton (D:5)
  A quokka skeleton (D:5)
  7 rats
140 creatures vanquished.

Notes
Turn   | Place    | Note
-------+----------+-------------------------------------------
     0 | D:1      | dvd the Minotaur Fighter began the quest for the Orb.
     0 | D:1      | Reached XP level 1. HP: 19/19 MP: 0/0
   221 | D:1      | Reached XP level 2. HP: 27/27 MP: 1/1
   486 | D:1      | You fall through a shaft!
   504 | D:2      | Reached XP level 3. HP: 31/33 MP: 2/2
   542 | D:2      | Noticed Robin
   573 | D:2      | Killed Robin
   827 | D:2      | Reached XP level 4. HP: 37/41 MP: 3/3
  1561 | D:3      | Reached skill level 1 in Dodging
  1785 | D:3      | Reached XP level 5. HP: 44/47 MP: 4/4
  2522 | D:3      | Reached skill level 5 in Armour
  2638 | D:4      | Noticed an ogre
  2643 | D:4      | Killed an ogre
  2643 | D:4      | Reached skill level 5 in Shields
  2731 | D:3      | Reached XP level 6. HP: 24/55 MP: 5/5
  2929 | D:4      | Reached skill level 5 in Fighting
  3013 | D:4      | Noticed PeterMcNeter's ghost (novice TrTm)
  3043 | D:4      | Killed PeterMcNeter's ghost
  3043 | D:4      | Reached XP level 7. HP: 25/61 MP: 6/6
  3044 | D:4      | Noticed Grinder
  3044 | D:4      | Paralysed by Grinder for 7 turns
  3257 | D:4      | Paralysed by Grinder for 7 turns
  3265 | D:4      | Killed Grinder
  3759 | D:4      | Reached XP level 8. HP: 44/69 MP: 7/7
  3932 | D:5      | Entered Level 5 of the Dungeon
  3959 | D:5      | Found a staircase to the Ecumenical Temple.
  3971 | D:5      | Reached skill level 1 in Maces & Flails
  3991 | Temple   | Entered the Ecumenical Temple
  4052 | Temple   | Became a worshipper of Uskayaw the Reveler
  4303 | D:5      | Reached * piety under Uskayaw
  4309 | D:5      | Reached ** piety under Uskayaw
  4320 | D:5      | Learned a level 2 spell: Repel Missiles
  4452 | D:5      | Reached skill level 1 in Stealth
  4452 | D:5      | Reached *** piety under Uskayaw
  4454 | D:5      | Reached **** piety under Uskayaw
  4873 | D:6      | Found Panwoimn's Book Emporium.
  4995 | D:6      | Killed from afar by an orc priest

Vault maps used:
D:1:      nagdon_arrival_double_spiral, minmay_misc_feat_nine_boxes
D:2:      minmay_door_path, uniq_robin
D:3:      first_bread, hangedman_decor_growths
D:4:      uniq_grinder
D:6:      serial_shops, shop_coins
Temple:   regret_index_temple_sigil_plot

Skill      XL: |  1  2  3  4  5  6  7  8 |
---------------+-------------------------+-----
Fighting       | 4 5 6 |  6.2
Armour         | 4 5 6 7 |  7.6
Shields        | 4 5 6 7 |  7.4
Dodging        | 1 2 3 4 |  4.7
Long Blades    | 3 4 |  4.8
Maces & Flails | 3 |  3.1
Stealth        | 1 |  1.7

Action                   |  1- 3 |  4- 6 |  7- 9 || total
-------------------------+-------+-------+-------++-------
Melee: Long sword        |   115 |   158 |       ||   273
       Headbutt          |    11 |    24 |    29 ||    64
       Flail             |       |    12 |   130 ||   142
Invok: Stomp             |       |       |     1 ||     1
 Stab: Paralysed         |       |       |     3 ||     3
  Eat: Chunk             |       |     7 |    19 ||    26
Armor: Scale mail        |    42 |    59 |    47 ||   148
Dodge: Dodged            |    28 |    46 |    55 ||   129
Block: Shield            |    57 |    89 |    88 ||   234
